Map: Ulzaan

Players

OpuS - Winner!

  • Race: Protoss Protoss
  • League: Platinum
  • Spawn Location: 11:00

Sketchaphone - Winner!

  • Race: Zerg Zerg
  • League: Platinum
  • Spawn Location: 9:00

RAMemeries

  • Race: Terran Terran
  • League: Diamond
  • Spawn Location: 3:00

Computer

  • Race: Protoss Protoss
  • Spawn Location: 1:00

VOD

Have the link to the VOD?

Description

Time

  • Played on: Feb. 15, 2019, 7:10 p.m.
  • Length: 13:34
Show
View Real Time Build Order
Export as new Build Order

OpuS Protoss - Winner!

Build Orders: Oracle Opening, Carriers, Carrier Rush 

Get SALT Encoding   

  12  0:01  Probe  
  13  0:13  Probe  
  14  0:19  Pylon  
  14  0:25  Probe  
  15  0:36  Probe  
  15  0:40  Gateway  
  16  0:45  Probe  
  17  0:52  Assimilator  
  17  0:53  Probe  
  18  1:04  Probe  
  18  1:06  Forge  
  19  1:13  Probe  
  19  1:17  Pylon  
  20  1:21  Probe  
  21  1:32  Probe  
  22  1:43  Cybernetics Core  
  22  1:45  Probe  
  23  1:57  Probe  
  23  1:59  Assimilator  
  24  2:20  Gateway  
  24  2:31  Zealot  
  26  2:37  Nexus  
  26  2:45  Stargate  
  26  2:55  Pylon  
  26  2:58  Probe  
  27  3:10  Probe  
  28  3:15  Shield Battery  
  28  3:18  Photon Cannon  
  28  3:22  Photon Cannon  
  28  3:34  Warp Gate  
  28  3:46  Fleet Beacon  
  28  3:48  Probe  
  29  3:50  Probe  
  30  3:59  Oracle  
  33  4:04  Probe  
  33  4:05  Probe  
  35  4:11  Pylon  
  35  4:22  Probe, Gateway  
  35  4:24  Probe  
  37  4:34  Probe  
  37  4:36  Probe  
  39  4:40  Gateway  
  39  4:54  Carrier  
  39  4:59  Probe  
  47  5:00  Probe  
  47  5:17  Probe x2  
  49  5:27  Nexus  
  49  5:29  Probe x2  
  51  5:37  Shield Battery  
  51  5:40  Photon Cannon  
  51  5:43  Photon Cannon, Probe  
  50  5:54  Robotics Facility  
  44  5:58  Twilight Council  
  44  6:05  Probe x2  
  45  6:18  Carrier  
  45  6:24  Pylon  
  45  6:39  Probe  
  52  6:41  Probe  
  53  6:55  Stargate  
  53  6:56  Probe x2  
  53  7:00  Photon Cannon  
  55  7:07  Stalker  
  55  7:08  Stalker, Probe  
  59  7:09  Probe  
  59  7:12  Blink  
  61  7:20  Observer  
  61  7:21  Probe  
  64  7:22  Probe  
  64  7:25  Assimilator  
  64  7:30  Assimilator  
  64  7:33  Probe x2  
  64  7:34  Probe  
  64  7:36  Stalker  
  69  7:42  Stalker  
  71  7:45  Probe x2  
  71  7:50  Probe  
  74  7:57  Probe  
  75  8:04  Probe x2  
  77  8:09  Probe  
  77  8:12  Stalker x2  
  82  8:16  Probe x2  
  84  8:21  Probe  
  84  8:22  Pylon  
  84  8:24  Photon Cannon  
  85  8:46  Pylon  
  85  8:47  Pylon  
  85  8:49  Pylon  
  85  8:50  Pylon  
  85  8:51  Probe  
  85  8:53  Carrier, Probe  
  85  9:05  Carrier  
  85  9:08  Pylon  
  85  9:09  Pylon  
  85  9:10  Probe x3  
  85  9:11  Pylon  
  85  9:14  Pylon  
  94  9:18  Pylon  
  94  9:22  Stargate  
  94  9:24  Stargate  
  94  9:29  Probe x3  
  97  9:33  Photon Cannon  
  97  9:37  Photon Cannon  
  97  9:41  Probe x2  
  97  9:42  Assimilator  
  99  9:46  Assimilator  
  99  9:51  Protoss Air Weapons Level 1, Protoss Shields Level 1  
  99  9:59  Carrier  
  99  10:02  Cybernetics Core  
  99  10:03  Probe x2  
  99  10:04  Probe  
  107  10:15  Probe  
  107  10:16  Probe x2  
  107  10:17  Pylon  
  107  10:19  Carrier  
  107  10:21  Pylon  
  110  10:28  Probe x3  
  119  10:42  Carrier, Photon Cannon  
  119  10:43  Photon Cannon  
  119  10:48  Carrier  
  131  11:12  Gateway  
  131  11:13  Gateway  
  131  11:14  Carrier  
  131  11:15  Gateway  
  131  11:17  Gateway  
  131  11:18  Gateway  
  131  11:19  Pylon  
  137  11:32  Tempest  
  142  11:40  Stargate  
  142  11:50  Stargate  
  142  11:53  Tempest  
  147  12:16  Tempest, Gateway  
  147  12:19  Gateway  
  147  12:21  Tempest, Gateway x2  
  157  12:24  Pylon, Tempest  
  157  12:26  Pylon  
  157  12:28  Pylon  
  162  12:48  Tempest  
  162  12:50  Zealot x4  
  175  12:51  Zealot x3  
  175  12:52  Zealot  
Show
View Real Time Build Order
Export as new Build Order

Sketchaphone Zerg - Winner!

Build Orders: Hatch First 

Get SALT Encoding   

  12  0:01  Drone  
  13  0:13  Overlord  
  13  0:21  Drone  
  14  0:34  Drone  
  15  0:36  Drone x2  
  17  1:06  Hatchery  
  16  1:17  Spawning Pool  
  16  1:18  Drone x2  
  17  1:19  Extractor  
  16  1:34  Drone  
  16  1:35  Drone  
  18  2:02  Drone  
  18  2:03  Queen  
  21  2:17  Zergling x2  
  21  2:21  Metabolic Boost  
  23  2:22  Drone  
  23  2:23  Drone  
  23  2:27  Queen  
  26  2:34  Drone  
  27  2:39  Zergling x2  
  27  2:43  Overlord  
  28  2:44  Overlord  
  28  2:49  Overlord  
  28  3:00  Evolution Chamber  
  28  3:02  Drone  
  28  3:09  Zergling x2  
  29  3:16  Zergling x2  
  29  3:17  Drone  
  29  3:19  Drone x2  
  33  3:20  Zergling x2  
  34  3:28  Zerg Ground Armor Level 1  
  34  3:31  Drone  
  34  3:34  Drone  
  36  3:46  Zergling x2  
  37  4:00  Queen  
  39  4:12  Zergling x2  
  39  4:15  Hatchery  
  39  4:18  Overlord  
  39  4:22  Overlord  
  39  4:27  Zergling x2  
  39  4:28  Drone x2  
  42  4:40  Drone  
  42  4:41  Overlord  
  42  4:44  Pneumatized Carapace  
  43  4:57  Spine Crawler  
  42  5:09  Zergling x22  
  42  5:13  Lair  
  53  5:14  Drone  
  53  5:16  Drone x2  
  56  5:28  Queen  
  58  5:36  Zergling x6  
  58  5:38  Spore Crawler  
  58  5:41  Spore Crawler  
  54  5:50  Zergling x10  
  54  5:59  Zergling x8  
  54  6:04  Queen  
  58  6:18  Overlord  
  58  6:19  Overlord  
  58  6:20  Extractor  
  58  6:21  Spire, Drone  
  57  6:29  Drone x2  
  57  6:30  Baneling Nest  
  58  6:52  Drone x3  
  61  6:57  Extractor  
  61  6:58  Extractor  
  59  7:01  Spine Crawler  
  59  7:03  Drone  
  59  7:04  Hatchery  
  58  7:15  Overlord  
  57  7:24  Spore Crawler  
  57  7:26  Spore Crawler  
  55  7:33  Drone x6  
  55  7:34  Spawning Pool  
  60  7:48  Spore Crawler  
  58  7:56  Drone x9  
  67  8:04  Baneling x7  
  67  8:05  Baneling  
  63  8:16  Zerg Flyer Weapons Level 1  
  60  8:26  Zergling x10  
  60  8:49  Drone  
  60  8:50  Drone x8  
  60  8:55  Mutalisk  
  65  9:08  Zergling x10  
  67  9:19  Spine Crawler  
  67  9:22  Drone x3  
  65  9:25  Drone x3  
  68  9:32  Zergling x6  
  71  9:48  Spore Crawler, Drone x2  
  71  9:49  Drone x6  
  71  9:51  Drone  
  78  10:03  Zerg Ground Armor Level 2  
  78  10:06  Roach Warren  
  77  10:10  Evolution Chamber  
  77  10:13  Drone x2  
  77  10:15  Queen  
  79  10:22  Drone x4  
  79  10:26  Zerg Flyer Weapons Level 2  
  79  10:27  Mutalisk  
  85  10:53  Zerg Missile Weapons Level 1, Glial Reconstitution  
  85  11:01  Mutalisk  
  85  11:02  Mutalisk x6  
  99  11:04  Zergling x10  
  99  11:09  Overlord x4  
  103  11:28  Corruptor  
  103  11:29  Corruptor  
  103  11:30  Zergling x20  
  110  11:48  Extractor  
  110  11:49  Extractor  
  110  11:52  Zergling x2  
  109  11:57  Hatchery  
  109  12:00  Overlord  
  108  12:07  Infestation Pit  
  107  12:10  Burrow  
  107  12:11  Overlord x2  
  107  12:23  Drone x4  
  107  12:24  Hatchery  
  107  12:28  Corruptor x3  
  116  12:56  Mutalisk x3  
  116  12:58  Zergling x32  
  138  13:07  Baneling x8  
  138  13:09  Zergling x14  
Show
View Real Time Build Order
Export as new Build Order

RAMemeries Terran 

Build Orders: Banshee Rush 

Get SALT Encoding   

  12  0:01  SCV  
  13  0:13  SCV  
  14  0:20  Supply Depot  
  14  0:25  SCV  
  15  0:41  SCV  
  16  0:43  Barracks  
  16  0:48  Refinery  
  16  0:53  SCV  
  16  0:56  Refinery  
  17  1:05  SCV  
  17  1:11  Supply Depot  
  18  1:17  Supply Depot  
  18  1:20  SCV  
  19  1:32  SCV  
  20  1:45  Orbital Command  
  20  1:49  Marine  
  21  1:56  Factory  
  21  2:12  SCV  
  22  2:24  SCV  
  23  2:34  Command Center  
  23  2:43  Starport  
  23  2:44  Factory Tech Lab  
  23  2:46  SCV  
  24  2:58  SCV  
  25  3:10  SCV  
  26  3:13  Factory Tech Lab  
  26  3:17  Supply Depot  
  26  3:23  SCV  
  27  3:28  Cloaking Field  
  27  3:30  Banshee  
  30  3:35  SCV  
  31  3:47  Orbital Command  
  31  3:54  Refinery, Supply Depot  
  31  3:55  Refinery  
  31  3:56  Supply Depot  
  31  3:58  SCV  
  32  4:09  Supply Depot  
  32  4:10  SCV  
  32  4:13  Banshee  
  36  4:20  Factory Tech Lab, Starport  
  36  4:21  SCV  
  37  4:26  SCV  
  38  4:39  SCV x2  
  40  4:51  SCV x2  
  42  4:56  Banshee, Armory  
  42  4:58  Armory  
  43  5:07  SCV x2  
  43  5:12  Banshee  
  41  5:26  SCV  
  40  5:38  SCV x2  
  40  5:39  Viking  
  44  6:13  Viking x2  
  44  6:18  Fusion Core, SCV x2  
  50  6:30  SCV  
  51  6:37  SCV  
  52  6:42  SCV  
  53  6:49  SCV  
  54  6:54  Viking x2, SCV  
  54  7:01  SCV  
  60  7:06  SCV  
  60  7:08  Terran Ship Weapons Level 1  
  61  7:09  Terran Vehicle And Ship Armor Level 1  
  61  7:15  Starport  
  61  7:24  Viking x2  
  65  7:33  SCV x2  
  67  7:45  SCV x2  
  69  7:54  Viking x2  
  69  7:57  SCV x2  
  73  8:02  Starport  
  71  8:05  Starport  
  70  8:39  Battlecruiser, Viking  
  67  8:44  SCV  
  67  8:45  SCV  
  64  8:57  SCV x2  
  64  9:01  Starport Tech Lab  
  64  9:02  Starport Tech Lab  
  65  9:25  SCV x2  
  67  9:37  SCV x2  
  69  9:52  Command Center  
  69  10:21  Command Center  
  69  10:23  Refinery  
  69  10:25  Refinery  
  69  10:31  Refinery  
  69  10:36  SCV  
  69  10:41  Supply Depot  
  70  10:53  Supply Depot  
  70  10:57  Refinery  
  70  11:03  Battlecruiser, SCV x2  
  78  11:05  Orbital Command  
  76  11:28  SCV  
  76  11:29  SCV  
  74  11:40  SCV x2  
  74  11:41  SCV  
  76  11:52  SCV  
  76  11:53  SCV x2  
  79  12:04  SCV  
  79  12:05  Battlecruiser  
  86  12:11  Battlecruiser  
  86  12:14  Orbital Command  
  92  12:17  SCV  
  92  12:18  SCV x2  
  95  12:26  Battlecruiser  
  95  12:29  SCV  
  102  12:30  SCV  
  102  12:36  SCV  
  104  12:42  SCV x2  
  106  12:47  SCV  
  106  12:48  SCV  
  114  12:53  Starport Tech Lab  
  114  12:54  SCV  
Show
View Real Time Build Order
Export as new Build Order

Computer Protoss 

Build Orders:  

Get SALT Encoding   

  12  0:01  Probe  
  13  0:13  Probe  
  14  0:25  Probe  
  15  0:29  Pylon  
  15  0:47  Probe, Forge  
  16  0:59  Probe  
  16  1:02  Pylon  
  17  1:17  Probe  
  18  1:24  Gateway  
  18  1:29  Probe  
  19  1:36  Pylon  
  19  1:41  Probe  
  20  1:53  Probe  
  21  2:01  Gateway  
  21  2:06  Probe  
  20  2:14  Probe, Assimilator  
  20  2:22  Probe  
  22  2:32  Cybernetics Core  
  22  2:40  Assimilator  
  22  2:46  Nexus  
  23  2:58  Probe  
  23  3:18  Pylon  
  23  3:27  Assimilator  
  23  3:32  Assimilator  
  23  3:36  Probe  
  24  3:47  Pylon  
  24  3:48  Probe  
  24  3:57  Stargate  
  24  4:00  Pylon, Probe  
  25  4:03  Stargate  
  25  4:12  Probe  
  25  4:13  Photon Cannon  
  25  4:15  Photon Cannon  
  26  4:24  Shield Battery  
  26  4:27  Probe  
  27  4:39  Probe  
  27  4:41  Probe  
  29  4:51  Probe  
  30  4:53  Probe, Photon Cannon  
  30  4:54  Void Ray  
  31  5:00  Phoenix  
  31  5:03  Probe  
  31  5:05  Probe  
  39  5:16  Probe  
  39  5:20  Pylon  
  40  5:24  Photon Cannon  
  40  5:37  Void Ray  
  44  5:44  Photon Cannon  
  44  5:58  Photon Cannon  
  44  6:01  Photon Cannon  
  44  6:13  Probe x2  
  46  6:21  Probe x2  
  47  6:27  Void Ray  
  52  6:43  Void Ray  
  52  6:45  Probe x2  
  58  6:57  Probe  
  58  6:58  Probe  
  60  7:16  Pylon  
  60  7:19  Probe x2  
  61  7:31  Probe x2  
  63  7:45  Void Ray x2  
  63  7:48  Fleet Beacon  
  71  7:51  Stargate  
  71  7:52  Stargate  
  71  7:56  Stargate  
  70  8:11  Probe  
  70  8:12  Protoss Ground Weapons Level 1, Probe  
  71  8:20  Pylon  
  71  8:21  Pylon  
  71  8:23  Pylon  
  71  8:38  Probe x2, Void Ray  
  77  8:50  Probe x2  
  68  9:01  Probe  
  59  9:07  Void Ray x3  
  59  9:09  Probe  
  60  9:17  Probe  
  60  9:18  Probe  
  57  9:25  Probe  
  57  9:26  Probe  
  59  9:34  Probe  
  59  9:36  Probe  
  61  9:46  Probe  
  61  9:48  Probe  
  63  9:54  Tempest x3  
  63  9:55  Tempest  
  80  10:14  Tempest  
  85  10:24  Probe  
  85  11:15  Pylon x2  
  85  11:17  Pylon  
  85  11:19  Pylon  
  85  11:33  Tempest, Probe x2  
  85  11:35  Tempest  
  97  11:45  Probe x2  
  97  11:46  Tempest x2  
  109  12:11  Pylon  
  109  12:13  Pylon  
  109  12:14  Pylon  
  109  12:17  Probe  
  110  12:29  Tempest  
  117  12:30  Probe x2  
  117  12:41  Void Ray x2  
  117  12:42  Probe  
Tags
 
Add a new tag
Caveats
  • Supply blocks, unpowered buildings, or Contaminate may cause inaccurate times.
  • Supply counts are checked every 10 seconds.